 Dungeon Crawl Stone Soup version 0.28-a0-1613-gdaab1c2f9b (webtiles) character file.

Game seed: 11063133125927354555

170 oldriver the Stinger (level 5, 0/45 HPs)
             Began as a Naga Venom Mage on Jan 21, 2022.
             Slain by a water moccasin zombie (2 damage)
             ... on level 3 of the Dungeon.
             The game lasted 00:03:15 (3516 turns).

oldriver the Stinger (Naga Venom Mage)              Turns: 3516, Time: 00:03:16

Health: 0/45       AC:  2    Str: 11    XL:     5   Next: 51%
Magic:  9/9        EV: 10    Int: 17    God:
Gold:   118        SH:  0    Dex: 11    Spells: 6/9 levels left

rFire   . . .      SeeInvis +   n - +2 mace (vorpal)
rCold   . . .      Faith    .   (no shield)
rNeg    . . .      Spirit   .   k - +0 robe {Will+}
rPois   +          Reflect  .   (no helmet)
rElec   .          Harm     .   (no cloak)
rCorr   .          Rampage  .   (no gloves)
Will    +....                   (no barding)
Stlth   +++.......              m - amulet of magic regeneration
HPRegen 0.15/turn               (no ring)
MPRegen 0.51/turn               (no ring)

@: very slow
A: AC +1, large, see invisible, deformed body, poison resistance, slowness 2,
spit poison 1, naga tail 1
a: Spit Poison


You were on level 3 of the Dungeon.
You visited 1 branch of the dungeon, and saw 3 of its levels.

You collected 118 gold pieces.

Inventory:

Hand Weapons
 n - a +2 vorpal mace (weapon)
Armour
 k - a +0 robe of willpower (worn)
Jewellery
 m - an amulet of magic regeneration (around neck)
Wands
 i - a wand of flame (26)
Scrolls
 a - a scroll of identify {unknown}
 f - a scroll of teleportation {unknown}
 g - a scroll of vulnerability {unknown}
 h - a scroll of immolation {unknown}
Potions
 c - 2 potions of haste {unknown}
 d - 3 potions of lignification {unknown}
 e - a potion of curing {unknown}
 j - 2 potions of ambrosia {unknown}
 l - 2 potions of might {unknown}


   Skills:
 + Level 2.0 Fighting
 + Level 2.4 Dodging
 + Level 4.7 Stealth
 + Level 2.8 Spellcasting
 - Level 1.0 Transmutations
 + Level 5.0 Poison Magic


You had 6 spell levels left.
You knew the following spells:

 Your Spells              Type           Power      Damage    Failure   Level
a - Sting                 Tmut/Pois      48%        1d5       5%          1
b - Poisonous Vapours     Pois/Air       22%        N/A       10%         2

Your spell library contained the following spells:

 Spells                   Type           Power      Damage    Failure   Level
 Summon Small Mammal      Summ           8%         N/A       19%         1
 Olgreb's Toxic Radiance  Pois           19%        N/A       22%         4
 Corpse Rot               Necr/Air       4%         N/A       26%         2
 Mephitic Cloud           Conj/Pois/Air  8%         N/A       26%         3
 Call Canine Familiar     Summ           2%         N/A       47%         3
 Summon Guardian Golem    Hex/Summ       2%         N/A       47%         3


Dungeon Overview and Level Annotations

Branches:
Dungeon (3/15)

Altars:


Innate Abilities, Weirdness & Mutations

Your serpentine skin is tough. (AC +1)
You have supernaturally acute eyesight. (SInv)
Armour fits poorly on your strangely shaped body.
Your system is resistant to poisons. (rPois)
You cover ground very slowly.
You can spit poison.
You have a snake-like lower body.


Message History

You sock the water moccasin zombie!
The water moccasin zombie is heavily damaged.
The water moccasin zombie barely misses you.
The water moccasin zombie bites you.
You barely miss the water moccasin zombie.
The water moccasin zombie is heavily damaged.
The water moccasin zombie barely misses you.
You hit the water moccasin zombie.
The water moccasin zombie is severely damaged.
The water moccasin zombie bites you. The water moccasin zombie misses you.
You hit the water moccasin zombie.
The water moccasin zombie is severely damaged.
The water moccasin zombie bites you. x2
You barely miss the water moccasin zombie.
The water moccasin zombie is severely damaged.
The water moccasin zombie bites you but does no damage.
You closely miss the water moccasin zombie.
The water moccasin zombie is severely damaged.
The water moccasin zombie bites you.
The water moccasin zombie barely misses you.
You hit the water moccasin zombie.
The water moccasin zombie is severely damaged.
The water moccasin zombie bites you.
The water moccasin zombie bites you but does no damage.
You hit the water moccasin zombie.
The water moccasin zombie is almost destroyed.
The water moccasin zombie barely misses you.
You closely miss the water moccasin zombie.
The water moccasin zombie is almost destroyed.
The water moccasin zombie bites you.
* * * LOW HITPOINT WARNING * * *
The water moccasin zombie bites you.
* * * LOW HITPOINT WARNING * * *
The water moccasin zombie barely misses you.
The water moccasin zombie bites you.
* * * LOW HITPOINT WARNING * * *
You closely miss the water moccasin zombie.
The water moccasin zombie is almost destroyed.
The water moccasin zombie bites you.
You die...

####....#.##.#####.#
............##.# #.#
######.........# #.#
##.######## ###.#####
#.# #.......# #.#
#...###.# ##+# #.###
#.# ##$..#
#####.#####.# #.....#
#.@......##.#
.......###Z##........#
........##.#...##.####
........'.........#
.....<..##.#...#..#
.......###.##.##..#
#.....# #........#
##..^# #######.## ##+#
#.#


You could see a water moccasin zombie.

Vanquished Creatures
  Natasha (thrice) (D:2)
  An orc wizard (D:3)
  2 adders
  3 dart slugs
  3 orcs (D:3)
  7 bats
  3 endoplasms
  2 giant cockroaches
  2 goblins (D:2)
  3 hobgoblins
  2 jackals (D:3)
  4 kobolds
  2 quokkas (D:1)
  4 ball pythons
  3 frilled lizards
  4 rats
48 creatures vanquished.

Vanquished Creatures (others)
  4 plants (D:3)
4 creatures vanquished.

Grand Total: 52 creatures vanquished

Notes
Turn   | Place    | Note
-------+----------+-------------------------------------------
     0 | D:1      | oldriver the Naga Venom Mage began the quest for the Orb.
     0 | D:1      | Reached XP level 1. HP: 15/15 MP: 3/3
   387 | D:1      | Reached XP level 2. HP: 18/24 MP: 1/5
  1144 | D:1      | Reached XP level 3. HP: 24/30 MP: 3/6
  1475 | D:2      | Noticed Natasha
  1479 | D:2      | Killed Natasha
  1480 | D:2      | Reached skill level 1 in Fighting
  1693 | D:2      | Noticed Natasha
  1698 | D:2      | Killed Natasha
  1699 | D:2      | Reached XP level 4. HP: 26/38 MP: 3/7
  1837 | D:2      | Noticed Natasha
  1848 | D:2      | Killed Natasha
  2089 | D:2      | Reached XP level 5. HP: 45/45 MP: 5/9
  2414 | D:3      | Learned a level 2 spell: Poisonous Vapours
  2855 | D:3      | Identified the +0 pair of boots "Xoream" {rF+++ rC-}
  3119 | D:3      | Reached skill level 5 in Poison Magic
  3512 | D:3      | HP: 2/45 [water moccasin zombie (6)]
  3516 | D:3      | Slain by a water moccasin zombie

Illustrated notes

Levels and vault maps discovered:
D:1:      tarquinn_simple_flora_water_f, layout_rooms
D:2:      layout_rooms, uniq_natasha
D:3:      layout_loops_corners, chequers_big_river, nicolae_figureground_pulse

Skill      XL: |  1  2  3  4  5 |
---------------+----------------+-----
Fighting       | 1 2 |  2.0
Dodging        | 2 |  2.4
Stealth        | 4 |  4.7
Poison Magic   | 5 |  5.0
Spellcasting   | |  2.8
Transmutations | |  1.0

Action                   |  1- 3 |  4- 6 || total
-------------------------+-------+-------++-------
Melee: Unarmed           |    14 |       ||    14
       Short sword       |     9 |       ||     9
       Mace              |       |    11 ||    11
 Cast: Sting             |    47 |    50 ||    97
       Poisonous Vapours |       |     3 ||     3
Armor: Robe              |    10 |     5 ||    15
Dodge: Dodged            |    20 |    24 ||    44

Table legend: (Time is in decaauts)
 A = Elapsed time spent in this place.
 B = Non-inter-level travel time spent in this place.
 C = Inter-level travel time spent in this place.
 D = Time resting spent in this place.
 E = Time spent auto-exploring this place.
 F = Levels seen in this place.
 G = Mean time per level.
                   A        B        C        D        E       F      G
               +--------+--------+--------+--------+--------+-----+--------+
         Total |   4134 |   4071 |     63 |   1018 |   2518 |   3 | 1378.0 |
       Dungeon |   4134 |   4071 |     63 |   1018 |   2518 |   3 | 1378.0 |
               +--------+--------+--------+--------+--------+-----+--------+

Top non-repeatable levels by time:
     D:1: 1630 daAuts
     D:3: 1355 daAuts
     D:2: 1147 daAuts
